 Dungeon Crawl Stone Soup version 0.27-a0-1184-ge86db4a01e (webtiles) character file.

Game seed: 11170660123292478166

119 ZappyNine the Skirmisher (level 4, -1/41 HPs)
             Began as a Draconian Fighter on May 18, 2021.
             Was an Initiate of Sif Muna.
             Slain by a sky beast (5 damage)
             ... on level 3 of the Dungeon.
             The game lasted 00:02:20 (2363 turns).

ZappyNine the Skirmisher (Draconian Fighter)        Turns: 2363, Time: 00:02:20

Health: -1/41      AC:  5    Str: 21    XL:     4   Next: 73%
Magic:  4/4        EV: 10    Int:  9    God:    Sif Muna [......]
Gold:   91         SH:  9    Dex: 10    Spells: 3/3 levels left

rFire    . . .     SeeInvis .   a - +0 flail
rCold    + . .     Faith    .   j - +0 kite shield {rC+}
rNeg     . . .     Spirit   .   (armour unavailable)
rPois    .         Reflect  .   (helmet restricted)
rElec    .         Harm     .   (no cloak)
rCorr    .         Rampage  .   (no gloves)
Will     .....     Rnd*Rage +   (no boots)
Stlth    +.........             (no amulet)
HPRegen  0.13/turn              (no ring)
MPRegen  0.09/turn              (no ring)

@: no status effects
A: AC +5, unfitting armour, cold-blooded, berserk 1, strong 1
a: Renounce Religion


You were on level 3 of the Dungeon.
You worshipped Sif Muna.
Sif Muna was noncommittal.
You visited 1 branch of the dungeon, and saw 3 of its levels.

You collected 91 gold pieces.

Inventory:

Hand Weapons
 a - a +0 flail (weapon)
 g - a +2 antimagic short sword
Armour
 j - a +0 kite shield of cold resistance (worn)
Scrolls
 b - a scroll of fog {unknown}
 d - 2 scrolls of torment {unknown}
 e - a scroll of teleportation {unknown}
 f - a scroll of brand weapon {unknown}
 h - 2 scrolls of noise {unknown}
 i - 3 scrolls of identify {unknown}
 k - a scroll of summoning {unknown}
Potions
 c - 2 potions of might


   Skills:
 + Level 4.3 Fighting
 - Level 1.5 Short Blades
 - Level 2.4 Maces & Flails
 + Level 3.8 Dodging
 - Level 3.0 Shields


You had 3 spell levels left.
You didn't know any spells.
Your spell library contained the following spells:

 Spells                   Type           Power      Damage    Failure   Level
 Confusing Touch          Hex            0%         N/A       99%         3
 Gell's Gravitas          Tloc           0%         N/A       99%         3
 Petrify                  Tmut/Erth      0%         N/A       100%        4
 Metabolic Englaciation   Hex/Ice        0%         N/A       100%        5
 Yara's Violent Unravell  Hex/Tmut       0%         3d3       100%        5


Dungeon Overview and Level Annotations

Branches:
Dungeon (3/15)

Altars:
Sif Muna

Shops:
D:1 ?


Innate Abilities, Weirdness & Mutations

Your plain brown scales are hard. (AC +5)
You cannot fit into any form of body armour.
You are cold-blooded and may be slowed by cold attacks.
You tend to lose your temper in combat.
Your muscles are strong. (Str +2)


Message History

Found a grey potion.
There is a strange disturbance nearby!
There is a strange disturbance nearby!
No target in view!
No target in view!
No target in view!
No target in view!
Found an escape hatch in the ceiling.
Something hits you but does no damage.
You barely miss something. You tail-slap something.
Something hits you but does no damage. You block something's attack.
You barely miss something.
Your tail-slap misses something.
You block something's attack.
You completely miss something.
Your tail-slap misses something.
A sky beast appears from thin air!
Reactivating autopickup.
The sky beast hits you but does no damage.
The sky beast flickers out of sight!
Deactivating autopickup; reactivate with Ctrl-A.
Something hits you but does no damage.
You miss something. Something hits you. Something shocks you.
You hit something but do no damage. Something hits you. Something shocks you.
Something hits you but does no damage.
You closely miss something. Something hits you but does no damage.
You miss something. Something hits you. Something shocks you.
Something hits you but does no damage.
You thump something! You block something's attack. Something hits you.
Something shocks you.
You closely miss something. Something hits you but does no damage.
You completely miss something.
Something hits you but does no damage. x2
You miss something. Something hits you but does no damage.
You barely miss something. Something hits you.
* * * LOW HITPOINT WARNING * * *
Something shocks you.
* * * LOW HITPOINT WARNING * * *
You barely miss something. Something hits you but does no damage.
Something hits you.
* * * LOW HITPOINT WARNING * * *
Something shocks you.
You die...

#.#...#..####### #.#
..#..###.......#.#.#
####..#..#####.#<#.#
####....######.#.#.######
.....#.###.....#.#......#
######.# #.#####.######.#
#.# #.# #.# #.# #.# #.#
#{# #.# #.# #.# #@# #.#
#.###.#####.# #.#
#...........# #.#
#####.####### #.#
#.#.....# #.# #.#.....#
#.# #.......# #.#
############.....######.#
.........# #............#


There were no monsters in sight!

Vanquished Creatures
  A hound (D:3)
  A jelly (D:3)
  2 adders (D:3)
  5 ball pythons
  3 endoplasms
  A giant cockroach (D:1)
  3 goblins
  7 hobgoblins
  2 jackals (D:3)
  A quokka (D:1)
  4 bats
  A frilled lizard (D:1)
  3 kobolds
  2 rats (D:1)
36 creatures vanquished.

Notes
Turn   | Place    | Note
-------+----------+-------------------------------------------
     0 | D:1      | ZappyNine the Draconian Fighter began the quest for the
                  | Orb.
     0 | D:1      | Reached XP level 1. HP: 19/19 MP: 1/1
    81 | D:1      | Found Coulett's Magic Scroll Emporium.
   263 | D:1      | Reached XP level 2. HP: 26/26 MP: 2/2
   331 | D:1      | Found a faded altar of an unknown god.
   558 | D:1      | Reached skill level 1 in Short Blades
   895 | D:2      | Found a shimmering blue altar of Sif Muna.
   973 | D:2      | Became a worshipper of Sif Muna the Loreminder
  1250 | D:3      | Reached XP level 3. HP: 17/33 MP: 3/3
  1253 | D:3      | Gained mutation: Your muscles are strong. (Str +2) [potion
                  | of mutation]
  1253 | D:3      | Gained mutation: You tend to lose your temper in combat.
                  | [potion of mutation]
  1256 | D:3      | Reached XP level 4. HP: 6/40 MP: 4/4
  1550 | D:3      | Reached skill level 4 in Fighting
  2347 | D:3      | Noticed a sky beast
  2363 | D:3      | Slain by a sky beast

Illustrated notes

Levels and vault maps discovered:
D:1:      dpeg_arrival_shrine, layout_rooms, serial_shops,
          nicolae_shop_competitors_out_of_business,
          ebering_ecumenical_altar_mist, grunt_decor_arrowhead, fountainhead
D:2:      layout_rooms, basic_altar, serial_park_tiny_1
D:3:      layout_loops_ring

Skill      XL: |  1  2  3  4 |
---------------+-------------+-----
Dodging        | 3 |  3.8
Short Blades   | 1 |  1.5
Fighting       | 4 |  4.3
Maces & Flails | |  2.4
Shields        | |  3.0

Action                   |  1- 3 |  4- 6 || total
-------------------------+-------+-------++-------
Melee: Flail             |    37 |    48 ||    85
       Tailslap          |     1 |     2 ||     3
       Short sword       |    24 |       ||    24
  Use: Potion            |     2 |       ||     2
Armor: Skin              |    20 |    28 ||    48
Dodge: Dodged            |    34 |    15 ||    49
Block: Kite shield       |    33 |    21 ||    54

Table legend: (Time is in decaauts)
 A = Elapsed time spent in this place.
 B = Non-inter-level travel time spent in this place.
 C = Inter-level travel time spent in this place.
 D = Time resting spent in this place.
 E = Time spent auto-exploring this place.
 F = Levels seen in this place.
 G = Mean time per level.
                   A        B        C        D        E       F      G
               +--------+--------+--------+--------+--------+-----+--------+
         Total |   2430 |   2396 |     34 |    274 |   1802 |   3 |  810.0 |
       Dungeon |   2430 |   2396 |     34 |    274 |   1802 |   3 |  810.0 |
               +--------+--------+--------+--------+--------+-----+--------+

Top non-repeatable levels by time:
     D:3: 1284 daAuts
     D:1: 625 daAuts
     D:2: 520 daAuts
